 Dungeon Crawl Stone Soup version 0.30-a0-782-ge64f9170bb (console) character file.

Game seed: 1906489018246324716

46 utis the Gusty (level 3, 0/22 HPs)
             Began as a Tengu Wanderer on Feb 27, 2023.
             Slain by a goblin
             ... wielding a +0 dagger
             ... led by Robin
              (3 damage)
             ... on level 2 of the Dungeon.
             The game lasted 00:07:05 (1684 turns).

utis the Gusty (Tengu Wanderer)                     Turns: 1684, Time: 00:07:05

Health: 0/22       AC:  4    Str: 11    XL:     3   Next: 66%
Magic:  4/5        EV: 11    Int: 16    God:
Gold:   86         SH:  0    Dex: 12    Spells: 1/4 levels left

rFire   . . .      SeeInvis .    a - +0 short sword
rCold   . . .      Faith    .    (no shield)
rNeg    + . .      Spirit   .    e - +0 leather armour
rPois   .          Reflect  .    (helmet restricted)
rElec   .          Harm     .    i - +0 cloak
rCorr   .          Rampage  .    (no gloves)
Will    .....                    (boots unavailable)
Stlth   ++                       (no amulet)
HPRegen 0.23/turn                N - ring of positive energy
MPRegen 0.09/turn                (no ring)

@: no status effects
A: beak, talons 3
a: no special abilities


You were on level 2 of the Dungeon.
You visited 1 branch of the dungeon, and saw 2 of its levels.

You collected 86 gold pieces.

Inventory:

Hand Weapons
 a - a +0 short sword (weapon)
 b - a +0 sling
 h - a +0 dagger
 k - a +0 whip
Armour
 d - a +0 robe
 e - a +0 leather armour (worn)
 i - a +0 cloak (worn)
 m - a +0 ring mail
Jewellery
 N - a ring of positive energy (left hand)
Scrolls
 f - a scroll of enchant armour {unknown}
 g - a scroll of enchant weapon {unknown}
 j - 2 scrolls of teleportation {unknown}
Potions
 c - a potion of berserk rage {!q}
 l - a potion of flight {unknown}


   Skills:
 + Level 2.7 Fighting
 + Level 1.8 Dodging
 - Level 3.0 Stealth
 - Level 1.0 Spellcasting
 + Level 2.2 Conjurations
 - Level 5.3 Air Magic


You had one spell level left.
You knew the following spells:

 Your Spells              Type           Power      Damage    Failure   Level
t - Static Discharge      Conj/Air       24%        2-3/arc   10%         2
z - Shock                 Conj/Air       48%        1d6       6%          1

Your spell library contained the following spells:

 Spells                   Type           Power      Damage    Failure   Level
 Kiss of Death            Conj/Necr      16%        2d6       19%         1
 Mephitic Cloud           Conj/Pois/Air  8%         N/A       32%         3
 Confusing Touch          Hex            0%         N/A       65%         3
 Dispel Undead            Necr           0%         3d6       96%         4


Dungeon Overview and Level Annotations

Branches:
Dungeon (2/15)

Altars:

Annotations:
D:2 Robin


Innate Abilities, Weirdness & Mutations

You have a beak for a mouth.
You have claws for feet.


Message History

You start resting.
Robin is nearby!
You hit Robin but do no damage. Your kick misses Robin.
Robin hits you with a +0 spear.
Robin hits you from afar with a +0 spear.
A goblin comes into view. It is wielding a +0 dagger.
The goblin shouts!
The goblin no longer looks unusually strong.
Robin roars a battlecry!
Robin throws the goblin at you!
Aiming: Shock (safe; 6% risk of failure)
Press: ? - help, Q - select action, (/) - cycle Shift-Dir - straight line, f - Robin
Aim: Robin, wielding a +0 spear, wearing a +0 animal skin and wearing a +2 helmet (77% to hit)
The zap hits Robin.
Robin is lightly wounded.
The goblin barely misses you.
You closely miss the goblin. You peck the goblin.
The goblin is moderately wounded.
The goblin hits you but does no damage. The goblin attacks as you move away!
The goblin hits you with a +0 dagger. The goblin attacks as you move away!
The goblin barely misses you.
A goblin comes into view. It is wielding a +0 dagger.
The goblin attacks as you move away! The goblin hits you with a +0 dagger.
The goblin attacks as you move away! The goblin hits you with a +0 dagger.
* * * LOW HITPOINT WARNING * * *
The goblin attacks as you move away! The goblin barely misses you.
The goblin shouts!
The goblin hits you but does no damage.
The goblin no longer looks unusually strong.
Robin roars a battlecry!
The goblins go into a battle-frenzy!
The goblin closely misses you. The goblin attacks as you move away!
The goblin hits you with a +0 dagger.
* * * LOW HITPOINT WARNING * * *
The goblin attacks as you move away! The goblin barely misses you.
The goblin attacks as you move away! The goblin completely misses you.
The goblin attacks as you move away! The goblin hits you with a +0 dagger.
* * * LOW HITPOINT WARNING * * *
The goblin attacks as you move away! The goblin hits you but does no damage.
The goblin attacks as you move away! The goblin hits you with a +0 dagger.
You die...

░░░░.░░.░░.░ ░.░.░░.░░.
░░.░░.░░.░░.░ ░.░.░░.░░.
.░░░░░...░.░░)░░.░░░....░.░░.
.............<..░.......░.░░.
░░░...░>░.░.░.░░.......░░.
░░.).................░░.
░░░░.░.░.░.░░.......░░░
░.....░.░░░░...░░░ ░░░Q░░░.░
░...░ ░g░.░.░░░░░.░░ ░░░
░░.g.........░░░░░░ ░..
░░░░......░░░░░g...... ░.░
.....░..g.░░ ░.░░░░░░ ░.░
░░░░...>...░░░░.░ ░░.░░░░░░
░.............░ .➘.░░...░
░░.......░░░░░░ ........░
░░..>..░░


You could see Robin and 2 goblins.

Vanquished Creatures
  2 adders (D:2)
  A dart slug (D:1)
  4 bats
  5 endoplasms
  3 goblins
  5 hobgoblins
  A ball python (D:1)
  2 frilled lizards
  2 kobolds
  A rat (D:1)
26 creatures vanquished.

Vanquished Creatures (others)
  A plant (D:1)
1 creature vanquished.

Grand Total: 27 creatures vanquished

Notes
Turn   | Place    | Note
-------+----------+-------------------------------------------
     0 | D:1      | utis the Tengu Wanderer began the quest for the Orb.
     0 | D:1      | utis set off with the following items: a +0 dagger, a +0
                  | cloak, a potion of berserk rage {!q}, a +0 robe, a potion
                  | of curing {@q1}; and the following spell memorised: Shock;
                  | and the following spells available to memorise: Static
                  | Discharge, Mephitic Cloud.
     0 | D:1      | Reached XP level 1. HP: 12/12 MP: 3/3
   356 | D:1      | Reached skill level 1 in Conjurations
   374 | D:1      | Reached XP level 2. HP: 17/17 MP: 2/4
   539 | D:1      | Reached skill level 1 in Dodging
   790 | D:1      | stupid
  1335 | D:2      | Reached XP level 3. HP: 1/22 MP: 2/5
  1482 | D:2      | Learned a level 2 spell: Static Discharge
  1620 | D:2      | Noticed Robin
  1684 | D:2      | Slain by a goblin

Illustrated notes

.....░........░
░................
....░░........░
░....░...░░.....
....░░.÷......░░░....░...+
....
░░░.....>.....+......░...░ ░
░...........░░.....░...░ ░
░...)░.........░░..░...░ .
░░░....░.........░░..░.... ..
.................░░..░░░......
................Q....░░░ ....
....░░░...░░...........░ ..w..
....░ ░...░░...........░......
....░ ...░░..........!.†.....
....░ ............=..........
....░ ......................
....░ .....................
....░ .............░░......
░░░░░ .........░░░░ ░░░░░░


Turn 790 on D:1: stupid

Levels and vault maps discovered:
D:1:      minmay_arrival_plants_in_alcoves, layout_basic
D:2:      layout_loops_ring, uniq_sigmund, uniq_robin

Skill      XL: |  1  2  3 |
---------------+----------+-----
Conjurations   | 1 2 |  2.2
Dodging        | 1 |  1.8
Fighting       | |  2.7
Stealth        | |  3.0
Spellcasting   | |  1.0
Air Magic      | |  5.3

Action                     || total
---------------------------++-------
  Melee: Dagger            ||    11
         Kick              ||     6
         Peck              ||     4
         Whip              ||     1
         Short sword       ||     2
   Fire: Sling             ||    26
   Cast: Shock             ||    22
    Use: Potion            ||     1
 Armour: Robe              ||     6
         Leather armour    ||     4
  Dodge: Dodged            ||    32

Table legend: (Time is in decaauts)
 A = Elapsed time spent in this place.
 B = Non-inter-level travel time spent in this place.
 C = Inter-level travel time spent in this place.
 D = Time resting spent in this place.
 E = Time spent auto-exploring this place.
 F = Levels seen in this place.
 G = Mean time per level.
                   A        B        C        D        E       F      G
               +--------+--------+--------+--------+--------+-----+--------+
         Total |   1687 |   1591 |     96 |    561 |    611 |   2 |  843.5 |
       Dungeon |   1687 |   1591 |     96 |    561 |    611 |   2 |  843.5 |
               +--------+--------+--------+--------+--------+-----+--------+

Top non-repeatable levels by time:
     D:1: 1152 daAuts
     D:2: 535 daAuts
